AoeStats
← stecaru

Arabia

507357867Analyzed
1v1 RM · 15d ago on Sep 17, 2026· 42m 24s· 2 players
Game mode
Random Map
Map size
Tiny (2 player)
Population
200
Speed
Normal
Resources
Standard
Victory
Conquest
Starting age
Dark Age
Ending age
Imperial Age
RankedLock teamsTeams togetherTeam positionsShared explorationLock speedFull tech treeHidden civsTurbo modeCheats
Victory
Defeat
🇨🇴 Byzantines · Colombia
729
+16
🇮🇹 Franks · Italy
732
-38
jhonand4
6:37 Loom
10:05 Feudal Age
10:39 Horse Collar
10:47 Double-Bit Axe
20:00 Gold Mining
23:16 Castle Age
22:22 Padded Archer Armor
22:36 Forging
22:30 Scale Mail Armor
25:03 Bow Saw
25:57 Heavy Plow
28:55 Husbandry
29:11 Elite Skirmisher
29:19 Pikeman
31:58 Wheelbarrow
31:54 Thumb Ring
32:37 Stone Mining
34:15 Squires
34:03 Gambesons
34:30 Scale Barding Armor
34:45 Leather Archer Armor
37:07 Imperial Age
38:30 Heavy Camel Rider
39:13 Halberdier
43:37 Chemistry
stecaru
4:24 Loom
11:15 Loom
14:59 Feudal Age
15:25 Double-Bit Axe
16:02 Arson
21:08 Wheelbarrow
20:28 Gold Mining
26:40 Castle Age
28:02 Squires
27:22 Pikeman
28:17 Forging
27:57 Fletching
28:08 Padded Archer Armor
28:09 Scale Mail Armor
28:15 Scale Barding Armor
28:58 Bow Saw
28:44 Stone Mining
33:53 Hand Cart
35:40 Masonry
35:25 Murder Holes
39:59 Imperial Age
37:17 Town Watch
37:02 Light Cavalry
37:06 Elite Skirmisher
40:10 #83
39:56 Husbandry
42:12 Hoardings
42:14 Architecture
41:55 Fortified Wall
41:32 Arrowslits
Connection lost

Rejoining the realm…

Still unreachable

The connection could not be restored.

Session expired

The server has moved on; the page needs a fresh start.